 Dungeon Crawl Stone Soup version 0.28.0-53-g5a82cb258f (webtiles) character file.

Game seed: 9993728614385615766

473 H0rd4k the Charlatan (level 7, -4/51 HPs)
             Began as a Human Artificer on May 23, 2022.
             Was an Initiate of Gozag.
             Slain by Duvessa
             ... wielding a +0 short sword
              (6 damage)
             ... on level 4 of the Dungeon.
             The game lasted 00:10:31 (6583 turns).

H0rd4k the Charlatan (Human Artificer)              Turns: 6583, Time: 00:10:32

Health: -4/51      AC:  7    Str: 13    XL:     7   Next: 32%
Magic:  7/7        EV: 13    Int: 11    God:    Gozag
Gold:   191        SH:  0    Dex: 19    Spells: 6/6 levels left

rFire   + . .      SeeInvis .   a - +0 club
rCold   . . .      Faith    .   (no shield)
rNeg    . . .      Spirit   .   b - +0 leather armour
rPois   +          Reflect  .   s - +0 helmet of Servitude {Harm}
rElec   .          Harm     +   j - +2 cloak "Role" {Rampage}
rCorr   .          Rampage  +   (no gloves)
Will    .....                   (no boots)
Stlth   ++........              (no amulet)
HPRegen 0.17/turn               c - ring of protection from fire
MPRegen 0.10/turn               k - +6 ring of dexterity

@: no status effects
A: dopey 1, poison resistance
a: Renounce Religion, Potion Petition, Call Merchant, Bribe Branch


You were on level 4 of the Dungeon.
You worshipped Gozag.
Gozag was aware of your devotion.
You visited 2 branches of the dungeon, and saw 7 of its levels.

You collected 305 gold pieces.
You paid 114 gold pieces to Gozag.

Inventory:

Hand Weapons
 a - a +0 club (weapon)
Armour
 b - a +0 leather armour (worn)
 j - the +2 cloak "Role" (worn) {Rampage}
   (You found it on level 3 of the Dungeon)

   Rampage:   It bestows one free step when moving towards enemies.
 s - the +0 helmet of Servitude (worn) {Harm}
   (You found it on level 4 of the Dungeon)

   Harm:      It increases damage dealt and taken.
Jewellery
 c - a ring of protection from fire (left hand)
 k - a +6 ring of dexterity (right hand)
Scrolls
 f - a scroll of teleportation {unknown}
 g - a scroll of acquirement
 i - 4 scrolls of identify {unknown}
 l - a scroll of immolation {unknown}
 m - a scroll of silence {unknown}
 n - 3 scrolls of blinking {unknown}
 o - a scroll of amnesia {unknown}
 p - 3 scrolls of noise {unknown}
 q - a scroll of torment {unknown}
Potions
 d - 3 potions of haste {unknown}
 h - a potion of mutation
 r - a potion of ambrosia {unknown}
Miscellaneous
 e - a piece from Xom's chessboard (13/15)


   Skills:
 + Level 2.5 Fighting
 + Level 3.4 Maces & Flails
 + Level 3.3 Armour
 + Level 3.2 Dodging
 + Level 2.2 Stealth
 + Level 4.2 Evocations


You had 6 spell levels left.
You didn't know any spells.
Your spell library contained the following spells:

 Spells                   Type           Power      Damage    Failure   Level
 Animate Skeleton         Necr           0%         N/A       41%         1
 Static Discharge         Conj/Air       0%         N/A       56%         2
 Ignite Poison            Fire/Tmut/Pois 0%         N/A       80%         3
 Inner Flame              Hex/Fire       0%         N/A       80%         3
 Vampiric Draining        Necr           0%         2d6       80%         3
 Lightning Bolt           Conj/Air       0%         1d11      100%        5
 Ignition                 Fire           0%         3d3       100%        8
 Maxwell's Capacitive Co  Air            0%         ∞         100%        8


Dungeon Overview and Level Annotations

Branches:
Dungeon (6/15)             Temple (1/1) D:6

Altars:
Ashenzari
Cheibriados
Dithmenos
Elyvilon
Fedhas
Gozag
Hepliaklqana
Kikubaaqudgha
Makhleb
Nemelex Xobeh
Okawaru
Qazlal
Ru
Sif Muna
Trog
Uskayaw
Vehumet
Wu Jian
Xom
Yredelemnul
Zin
The Shining One

Annotations:
D:1 exclusion: 2 downstairs
D:2 exclusion: downstairs, Robin
D:3 exclusions: downstairs and orc priest
D:4 exclusion: iguana, Dowan, Duvessa, Pikel
D:6 Maggie


Innate Abilities, Weirdness & Mutations

You are dopey. (Int -2)
Your system is resistant to poisons. (rPois)


Message History

You hit the endoplasm but do no damage.
The endoplasm is heavily wounded.
The endoplasm closely misses you.
You hit the endoplasm.
The endoplasm is heavily wounded.
The endoplasm hits you but does no damage.
The endoplasm freezes you.
You are frozen.
You hit the endoplasm.
You kill the endoplasm!
You now have 191 gold pieces (gained 4).
HP restored.
The iguana hisses angrily.
There is a stone staircase leading down here.
You climb downwards.
Level annotation: Dowan, Duvessa Duvessa shouts!
Dowan shouts!
The ogre shouts!
The hound barks!
The ogre barely misses you. Duvessa misses you.
Dowan hits you with a +0 dagger. The hound bites you but does no damage.
Found 14 gold pieces.
Found a stone staircase leading up.
There is a stone staircase leading up here.
HP restored.
The hound bites you but does no damage. The ogre hits you with a +0 giant club!
Duvessa hits you but does no damage. Dowan barely misses you.
You climb upwards.
Level annotation: exclusion: iguana, Pikel
There is a stone staircase leading down here.
The hound barely misses you. The iguana bites you.
Dowan casts a spell at Duvessa.
Duvessa seems to speed up.
The hound bites you.
You hit Duvessa but do no damage. Duvessa misses you.
The hound closely misses you. The iguana misses you.
The ogre hits you with a +0 giant club!!
* * * LOW HITPOINT WARNING * * *
Okay, then.
This is a scroll of acquirement!
You see here a manual of Fighting.
Something appears at your feet! Duvessa hits you with a +0 short sword.
You die...
Your body crumbles into a pile of gold.

#.....##...........####
#.....###.............##
#.....####...#......>...
#####........#####....##
##......<...........
#.......###........
#.......###........
#Oel...............
#h@e...............
#..........###.###.
########.#!###.....
#.#<..##..#.
#..).....###
##..#..#...#
##.###...#..
#..##.......
#######.##..#####.


You could see Duvessa (fast), an ogre, Dowan, an iguana and a hound.

Vanquished Creatures
  A lemure (D:3)
  An orc priest (D:3)
  Terence (D:2)
  An orc wizard (D:3)
  A hound zombie (D:5)
  An adder (D:4)
  2 ufetubi (D:4)
  A dart slug (D:4)
  9 orcs
  8 ball pythons
  2 bats
  6 endoplasms
  4 giant cockroaches
  15 goblins
  7 hobgoblins
  7 jackals (D:1)
  7 quokkas
  5 frilled lizards
  9 kobolds
  6 rats
94 creatures vanquished.

Vanquished Creatures (collateral kills)
  Sigmund (D:2)
  A black bear (D:2)
  An adder (D:6)
  2 shadow imps (D:6)
  An endoplasm (D:2)
  2 kobolds
  A ball python (D:2)
  A bat (D:2)
  A rat (D:2)
11 creatures vanquished.

Vanquished Creatures (others)
  An ice beast (D:6)
  An adder (D:2)
2 creatures vanquished.

Grand Total: 107 creatures vanquished

Notes
Turn   | Place    | Note
-------+----------+-------------------------------------------
     0 | D:1      | H0rd4k the Human Artificer began the quest for the Orb.
     0 | D:1      | Reached XP level 1. HP: 15/15 MP: 1/1
   351 | D:1      | Reached XP level 2. HP: 20/21 MP: 2/2
   814 | D:1      | Reached XP level 3. HP: 26/26 MP: 3/3
   833 | D:1      | HP: 1/26 [frozen (5)]
  1632 | D:1      | Found a faded altar of an unknown god.
  2174 | D:2      | Noticed Terence
  2178 | D:2      | Noticed Sigmund
  2183 | D:2      | Noticed a black bear
  2192 | D:2      | Killed Sigmund
  2193 | D:2      | Reached XP level 4. HP: 33/33 MP: 4/4
  2193 | D:2      | Reached XP level 5. HP: 38/38 MP: 5/5
  2193 | D:2      | Reached XP level 6. HP: 44/44 MP: 6/6
  2234 | D:2      | Killed a black bear
  2235 | D:2      | Reached skill level 4 in Evocations
  2244 | D:2      | Killed Terence
  2693 | D:2      | Noticed Robin
  3858 | D:3      | You fall into a shaft and drop 3 floors!
  3881 | D:6      | Found a staircase to the Ecumenical Temple.
  3881 | D:6      | Noticed an ice beast
  3884 | D:6      | Noticed Maggie
  3914 | Temple   | Entered the Ecumenical Temple
  4256 | Temple   | Became a worshipper of Gozag Ym Sagoz the Greedy
  4299 | D:5      | Entered Level 5 of the Dungeon
  4299 | D:5      | Noticed Dowan
  4300 | D:5      | Noticed Duvessa
  4300 | D:5      | Noticed an ogre
  4326 | D:5      | Reached XP level 7. HP: 26/50 MP: 7/7
  4337 | D:5      | Noticed a steam dragon
  4360 | D:4      | Gained mutation: You are dopey. (Int -2) [potion of
                  | mutation]
  4360 | D:4      | Gained mutation: Your system is resistant to poisons.
                  | (rPois) [potion of mutation]
  4360 | D:4      | HP: 2/50 [poisoned by an adder]
  4370 | D:4      | Got the Compendium of Stolen Souls and the Volcanoes
  4739 | D:3      | Identified the +2 cloak "Role" {Rampage}
  6335 | D:4      | Found an ancient bone altar of Kikubaaqudgha.
  6377 | D:4      | Identified the +0 helmet of Servitude {Harm}
  6396 | D:4      | Noticed Pikel
  6582 | D:4      | HP: 2/51 [ogre/+0 giant club (24)]
  6583 | D:4      | Identified 2 scrolls of acquirement
  6583 | D:4      | Acquired a manual of Fighting
  6583 | D:4      | Slain by Duvessa

Illustrated notes

Levels and vault maps discovered:
D:1:      lemuel_arrival_cross, layout_loops_ring,
          shapermc_ecumenical_altar_notcrosses, minmay_tromino_mix6
D:2:      layout_rooms, uniq_terence, uniq_robin, uniq_sigmund
D:3:      layout_basic, serial_curves, eino_curves_03, eino_curves_01,
          eino_curves_03, eino_curves_03
D:4:      layout_rooms, kennysheep_mini, uniq_pikel
D:5:      layout_rooms, uniq_duvessa
D:6:      kennysheep_housing_project, layout_rooms,
          minmay_temple_entry_stoned_glass, kennysheep_crisscross,
          lemuel_another_geyser, uniq_maggie
Temple:   mainiacjoe_temple_hex_bubbles

Skill      XL: |  1  2  3  4  5  6 |
---------------+-------------------+-----
Maces & Flails | 2 3 |  3.4
Dodging        | 2 3 |  3.2
Fighting       | 2 |  2.5
Armour         | 3 |  3.3
Evocations     | 4 |  4.2
Stealth        | 2 |  2.2

Action                   |  1- 3 |  4- 6 |  7- 9 || total
-------------------------+-------+-------+-------++-------
Melee: Club              |   158 |   139 |   209 ||   506
       Punch             |     4 |     3 |     1 ||     8
Evoke: Wand              |     5 |    17 |     8 ||    30
       Piece from Xom's  |       |     1 |     2 ||     3
  Use: Potion            |       |       |     3 ||     3
       Scroll            |       |       |     1 ||     1
 Stab: Sleeping          |     2 |     2 |     3 ||     7
       Distracted        |       |       |     1 ||     1
Armor: Leather armour    |    51 |    27 |    75 ||   153
Dodge: Dodged            |   129 |    98 |   136 ||   363
